 Dungeon Crawl Stone Soup version 0.20-a0-1116-gaa52201 (webtiles) character file.

5280 polly the Basher (level 10, -10/136 HPs)
             Began as a Gargoyle Fighter on May 8, 2017.
             Was an Elder of Okawaru.
             Mangled by Snorg (15 damage)
             ... on level 10 of the Dungeon.
             The game lasted 00:17:40 (8044 turns).

polly the Basher (Gargoyle Fighter)                 Turns: 8044, Time: 00:17:41

Health: -10/136    AC: 25    Str: 25    XL:     10   Next: 63%
Magic:  10/10      EV:  2    Int: 12    God:    Okawaru [****..]
Gold:   466        SH: 12    Dex: 12    Spells: 9/9 levels left

rFire    + . .     SeeInvis .   n - +2 flail (crush)
rCold    + + .     Gourm    .   c - +0 shield
rNeg     + + +     Faith    .   (armour currently unavailable)
rPois    ∞         Spirit   .   (helmet currently unavailable)
rElec    .         Reflect  .   (cloak currently unavailable)
rCorr    .         Harm     .   (gloves currently unavailable)
MR       .....     NoTele   +   (boots currently unavailable)
Stlth    ..........             I - amulet of regeneration
Regen    0.8/turn               E - +3 ring of intelligence
MPRegen  0.2/turn               N - ring "Uzxoij" {*Slow rPois rF+ rC++}

@: mighty, berserking, tree-form, hasted, very quick
A: negative energy resistance 1, petrification resistance, rot immunity, AC +7
a: Heroism, Renounce Religion


You were on level 10 of the Dungeon.
You worshipped Okawaru.
Okawaru was greatly pleased with you.
You were not hungry.
You were a tree.
You visited 2 branches of the dungeon, and saw 11 of its levels.

You collected 466 gold pieces.

Inventory:

Hand Weapons
 n - a +2 flail of crushing (weapon)
Armour
 c - a +0 shield (worn)
 t - a +0 pair of gloves (melded)
 z - a +1 helmet (melded)
 D - a +0 cloak (melded)
 J - the +0 pair of boots of Dokk (melded) {rPois}
   (You found it on level 8 of the Dungeon)

   It protects you from poison.
 P - a +0 chain mail (melded)
Jewellery
 E - a +3 ring of intelligence (left branch)
 I - an amulet of regeneration (around neck)
 N - the ring "Uzxoij" (right branch) {*Slow rPois rF+ rC++}
   (You found it on level 9 of the Dungeon)

   [ring of protection from fire]

   It protects you from fire.
   It greatly protects you from cold.
   It protects you from poison.
   It may slow you when you take damage.
Wands
 A - a wand of confusion (18/48)
 L - a wand of lightning (6/15)
Scrolls
 e - 4 scrolls of teleportation {unknown}
 g - 2 scrolls of random uselessness {unknown}
 i - 7 scrolls of remove curse
 j - a scroll of enchant weapon
 l - a scroll of vulnerability {unknown}
 o - 7 scrolls of identify {unknown}
 p - 2 scrolls of fog {unknown}
 r - 2 scrolls of fear {unknown}
 s - a scroll of amnesia {unknown}
 w - 3 scrolls of enchant armour {unknown}
 y - 3 scrolls of magic mapping {unknown}
 C - a scroll of noise {unknown}
 G - 2 scrolls of immolation {unknown}
 O - a scroll of brand weapon {unknown}
Potions
 a - 5 potions of flight
 d - 2 potions of might
 h - a potion of magic
 k - a potion of degeneration
 u - a potion of resistance {unknown}
 x - a potion of mutation {unknown}
 B - a potion of ambrosia {unknown}
 F - 2 potions of lignification
 H - a potion of brilliance
 K - a potion of curing {unknown}
Books
 S - the Collected Works on Congealing Augmentations
   (You found it on level 10 of the Dungeon)

   Spells                             Type                      Level
   a - Throw Frost                    Conjuration/Ice              2
   b - Ozocubu's Armour               Charms/Ice                   3
   c - Spectral Weapon                Hexes/Charms                 3
   d - Throw Icicle                   Conjuration/Ice              4
   e - Ozocubu's Refrigeration        Ice                          6
Comestibles
 f - 6 bread rations
 m - 3 meat rations
 M - a royal jelly


   Skills:
 + Level 6.9 Fighting
 + Level 9.3 Maces & Flails
 + Level 8.4 Armour
 + Level 3.4 Dodging
 + Level 1.2 Stealth
 + Level 8.7 Shields
 + Level 0.8 Evocations


You had 9 spell levels left.
You didn't know any spells.

Dungeon Overview and Level Annotations

Branches:
Dungeon (10/15)            Temple (1/1) D:7            Lair (0/6) D:9
    Orc (0/2) D:9

Altars:
Ashenzari
Cheibriados
Dithmenos
Elyvilon
Fedhas
Gozag
Hepliaklqana
Kikubaaqudgha
Makhleb
Nemelex Xobeh
Okawaru
Qazlal
Ru
Sif Muna
Trog
Uskayaw
Vehumet
Wu Jian
Xom
Yredelemnul
Zin
The Shining One

Shops:
D:5 (   D:7 (

Annotations:
D:10 Snorg


Innate Abilities, Weirdness & Mutations

You are resistant to torment.
((Your stone body is resilient. (AC +7)))
You are immune to poison.
You resist negative energy. (rN+)
((You are resistant to electric shocks. (rElec)))
((You can survive without breathing.))
You are immune to petrification.
You are immune to rotting.


Message History

You block Snorg's attack. Snorg bites you!
* * * LOW HITPOINT WARNING * * *
Snorg claws you.
* * * LOW HITPOINT WARNING * * *
Snorg claws you but does no damage.
You sock Snorg!
Snorg is severely wounded.
Snorg bites you but does no damage. You block Snorg's attack.
Snorg claws you but does no damage.
You sock Snorg!
Snorg is severely wounded.
Snorg bites you but does no damage. Snorg claws you but does no damage.
You block Snorg's attack.
You sock Snorg!
Snorg is severely wounded.
You block Snorg's attack. Snorg claws you but does no damage. x2
You sock Snorg!
Snorg is almost dead.
Snorg bites you!
You die...

...................########....#
...................# #....#
.##+#####..........# #....# .#
########...# #....# .# #...#
#....# .# #...# #....## .#
#...########...... .#
#................. .#
#♣.......########. .# #T########
#. .# ........# #.
.#######.........# #.
.................# #.
.................# #.
........#####....# ........+
#..... .##+##..# #.....


You could see Snorg (berserk).

Vanquished Creatures
  A two-headed ogre (D:9)
  The ghost of FrankyJ the Thaumaturge, a novice GnSk (D:7)
  A troll (D:10)
  A hornet (D:7)
  A hippogriff (D:9)
  Sigmund (D:3)
  2 hungry ghosts
  2 porcupines (D:9)
  An orc warrior (D:9)
  2 black bears
  An ice beast (D:9)
  A phantom (D:8)
  An ogre (Temple)
  The ghost of frogmouthbird the Slasher, an amateur MiGl (D:3)
  A necrophage (D:6)
  6 centaurs
  2 bullfrogs
  6 scorpions
  A howler monkey (D:4)
  5 crimson imps
  A centaur zombie (D:7)
  3 quasits
  6 hounds
  A bullfrog zombie (D:7)
  An orc priest (D:7)
  2 jellies
  3 orc wizards
  A gnoll shaman (D:5)
  3 iguanas
  Ijyb (D:5)
  5 worker ants
  A hound skeleton (D:7)
  2 howler monkey skeletons
  8 gnolls
  11 adders
  4 shadow imps
  An ooze (D:3)
  An adder zombie (D:9)
  2 adder skeletons
  2 worms (D:2)
  2 dart slugs (D:1)
  5 leopard geckos
  9 orcs
  8 bats
  8 giant cockroaches
  10 goblins
  6 hobgoblins
  4 jackals (D:1)
  4 quokkas
  2 ball pythons
  5 frilled lizards
  7 kobolds
  2 leopard gecko skeletons
  A leopard gecko zombie (D:3)
  24 rats
  A butterfly (D:1)
  A fungus (D:9)
196 creatures vanquished.

Vanquished Creatures (others)
  A plant (D:9)
1 creature vanquished.

Grand Total: 197 creatures vanquished

Notes
Turn   | Place    | Note
-------+----------+-------------------------------------------
     0 | D:1      | polly the Gargoyle Fighter began the quest for the Orb.
     0 | D:1      | Reached XP level 1. HP: 14/14 MP: 1/1
    91 | D:1      | Reached XP level 2. HP: 8/19 MP: 2/2
   811 | D:1      | Reached XP level 3. HP: 24/24 MP: 3/3
  1293 | D:2      | Reached XP level 4. HP: 26/29 MP: 4/4
  1857 | D:3      | Reached XP level 5. HP: 33/33 MP: 5/5
  1878 | D:3      | Noticed frogmouthbird's ghost (amateur MiGl)
  1914 | D:3      | Reached skill level 3 in Maces & Flails
  1923 | D:3      | Killed frogmouthbird's ghost
  1923 | D:3      | Reached skill level 1 in Dodging
  2037 | D:3      | Noticed Sigmund
  2075 | D:3      | HP: 1/33 [something (4)]
  2530 | D:3      | Reached XP level 6. HP: 38/38 MP: 6/6
  2575 | D:3      | Killed Sigmund
  2928 | D:4      | Found a hide-covered altar of Uskayaw.
  2931 | D:4      | Found a deep blue altar of Sif Muna.
  2934 | D:4      | Found a stormy altar of Qazlal.
  3238 | D:4      | Reached skill level 5 in Armour
  3319 | D:4      | Reached XP level 7. HP: 44/44 MP: 7/7
  3327 | D:4      | Reached skill level 4 in Maces & Flails
  3648 | D:5      | Entered Level 5 of the Dungeon
  3666 | D:5      | Noticed Ijyb
  3683 | D:5      | Killed Ijyb
  3689 | D:5      | Reached skill level 5 in Shields
  3918 | D:5      | Reached skill level 5 in Maces & Flails
  3944 | D:5      | Found Feli's Weapon Emporium.
  4374 | D:6      | Reached XP level 8. HP: 44/48 MP: 8/8
  4512 | D:6      | Reached skill level 5 in Fighting
  4566 | D:6      | Reached skill level 6 in Maces & Flails
  4646 | D:6      | Found a sparkling altar of Nemelex Xobeh.
  4867 | D:7      | Found a staircase to the Ecumenical Temple.
  4887 | Temple   | Entered the Ecumenical Temple
  5108 | Temple   | Became a worshipper of Warmaster Okawaru
  5223 | D:7      | Noticed a hornet
  5240 | D:7      | Killed a hornet
  5655 | D:7      | Reached skill level 7 in Maces & Flails
  5655 | D:7      | Reached XP level 9. HP: 46/54 MP: 9/9
  5671 | D:7      | Noticed FrankyJ's ghost (novice GnSk)
  6066 | D:7      | Killed FrankyJ's ghost
  6066 | D:7      | Reached * piety under Okawaru
  6102 | D:7      | Found Zeufioqu's Weapon Shop.
  6147 | D:7      | Reached ** piety under Okawaru
  6512 | D:8      | Got a pair of polished boots
  6551 | D:8      | Identified the cursed +0 pair of boots of Dokk {rPois} (You found it on level 8 of the Dungeon)
  6630 | D:8      | Reached skill level 1 in Stealth
  6798 | D:8      | Reached skill level 8 in Maces & Flails
  7023 | D:9      | Got a shimmering wooden ring
  7069 | D:9      | Identified the ring "Uzxoij" {*Slow rPois rF+ rC++} (You found it on level 9 of the Dungeon)
  7091 | D:9      | Reached XP level 10. HP: 55/61 MP: 10/10
  7110 | D:9      | Reached *** piety under Okawaru
  7176 | D:9      | Found a staircase to the Lair.
  7433 | D:9      | Reached skill level 9 in Maces & Flails
  7435 | D:9      | Found a staircase to the Orcish Mines.
  7435 | D:9      | Noticed a two-headed ogre
  7676 | D:9      | Killed a two-headed ogre
  7676 | D:9      | Reached **** piety under Okawaru
  7802 | D:10     | Entered Level 10 of the Dungeon
  7911 | D:10     | Identified the Collected Works on Congealing Augmentations
  8020 | D:10     | Noticed Snorg
  8040 | D:10     | HP: 3/136 [Snorg (5)]
  8044 | D:10     | Mangled by Snorg

Vault maps used:
D:1:      scummos_arrival_forest, hangedman_glass_garden
D:2:      first_bread
D:3:      uniq_sigmund
D:4:      grunt_temple_overflow_diamond, minmay_rat_hole
D:5:      serial_shops, nicolae_shop_crystal, serial_park_tiny_2, uniq_ijyb
D:6:      nemelex_xobeh_ov_fountains_minmay
D:7:      temple_fountains, serial_shops, shop_fountains
D:9:      grunt_lair_entry_orc_guard_hut, orc_0_dummy
D:10:     uniq_snorg
Temple:   dpeg_five_rooms_temple

Skill      XL: |  1  2  3  4  5  6  7  8  9 10 |
---------------+-------------------------------+-----
Shields        | 4 5 6 7 8 |  8.7
Armour         | 4 5 6 7 8 |  8.4
Fighting       | 4 5 6 |  6.9
Maces & Flails | 3 5 7 8 9 |  9.3
Dodging        | 1 2 3 |  3.4
Stealth        | 1 |  1.2
Evocations     | |  0.8

Action                   |  1- 3 |  4- 6 |  7- 9 | 10-12 || total
-------------------------+-------+-------+-------+-------++-------
Melee: Flail             |   156 |   167 |   562 |   177 ||  1062
Throw: Throwing net      |       |       |       |     1 ||     1
Evoke: Wand              |       |       |     1 |     2 ||     3
  Use: Potion            |       |     8 |       |     5 ||    13
       Scroll            |       |       |       |     2 ||     2
  Eat: Chunk             |     1 |     7 |    11 |     2 ||    21
       Royal jelly       |       |       |     2 |       ||     2
       Fruit             |       |       |     4 |       ||     4
       Meat ration       |       |       |     2 |       ||     2
Armor: Scale mail        |   123 |   133 |     6 |       ||   262
       Chain mail        |       |       |   364 |   100 ||   464
       Skin              |       |       |       |    16 ||    16
Dodge: Dodged            |    73 |    61 |   136 |    54 ||   324
Block: Shield            |   135 |    95 |   312 |   104 ||   646
